Unix NetHack Version 5.0.0-0 post-release - last build Jul 19 2026 19:10:59 (3aa4ab31751d3886436d94b585a96704892fd477,branch:main).

Game began 2026-07-12 15:29:46, ended 2026-07-23 09:02:35.

LDaviesPeters, neutral female human Archeologist

                -----
                |@....
  ----  ----    |hG..-
  |..---|..|  ---.|..|
 --....--..-- |..(|..
 |....^......--.-#|
 |....--........#
 --...||........|
  ------........|
     --.........|
   ---........---
  --..........|
  |.......--.--
  |.......|---
  --.|..---
   ------

LDaviesPeters the Investigator  St:14 Dx:10 Co:10 In:17 Wi:17 Ch:10  Neutral
Dlvl:6  $:0  HP:0(50) Pw:36(36) AC:0  Xp:7 T:8120  Burdened

Latest messages:
 You drop an uncursed amulet called Unchanging.
 Your movements are now unencumbered.
 You see here a worthless piece of black glass.
 You descend the stairs.
 There are several objects here.
 You descend the stairs.
 There are several objects here.
 What do you want to use or apply? [abe-gklpV or ?*] l
 Your lamp is now on.
 You find a pit.
 You hear crashing rock.
 You are no longer invisible.
 You hear crashing rock.
 You see here a runed dagger.
 The rabid rat bites!
 You miss the rabid rat.
 The rabid rat misses!
 You lash the rabid rat!
 The rabid rat misses!
 You lash the rabid rat!
 The rabid rat bites!
 You miss the rabid rat.
 The rabid rat bites!
 The rabid rat's bite was poisoned!
 Your movements are slowed slightly because of your load.
 You feel very sick!
 The rabid rat bites!
 You lash the rabid rat!
 The rabid rat misses!
 You kill the rabid rat!
 The gnome lord hits!
 You lash the gnome lord!
 The gnome lord hits!
 The dwarf picks up a hooded cloak.
 The gnome lord picks up a runed dagger.
 You lash the gnome lord!
 You kill the gnome lord!
 You lash the dwarf!
 The dwarf swings his pick-axe.
 The dwarf hits!
 The gnome picks up a worthless piece of red glass.
 The dwarf swings his pick-axe.
 The dwarf hits!
 The gnome hits!
 You die...
 Do you want your possessions identified? [ynq] (y) y
 Do you want to see your attributes? [ynq] (y) y
 Do you want an account of creatures vanquished? [ynaq] (y) n
 Do you want to see your conduct and achievements? [ynq] (y) y
 Do you want to see the dungeon overview? [ynq] (y) n

Inventory:
 Weapons  (')')
  W - 9 +0 daggers
  j - a +0 elven dagger (at the ready)
  a - a +2 bullwhip (weapon in right hand)
 Armor    ('[')
  m - an uncursed +0 orcish helm (being worn)
  I - an uncursed +0 pair of iron shoes (being worn)
  s - an uncursed +0 small shield (being worn)
  c - an uncursed +1 elven mithril-coat (being worn)
 Comestibles  ('%')
  d - 2 uncursed food rations
  T - an uncursed melon
  O - an uncursed sprig of wolfsbane
 Scrolls  ('?')
  u - a cursed scroll of teleportation
 Rings    ('=')
  w - an uncursed ring of slow digestion
  v - an uncursed ring of stealth (on right hand)
 Wands    ('/')
  V - a wand of digging (0:4)
  e - a wand of enlightenment (0:12)
 Tools    ('(')
  b - an uncursed sack containing 1 item
  k - an uncursed lock pick
  l - an uncursed oil lamp (lit)
  p - a +0 pick-axe
  f - a tinning kit (0:85)
 Gems/Stones  ('*')
  A - an uncursed chrysoberyl stone
  L - 2 uncursed jade stones
  g - an uncursed touchstone

Contents of the sack:
  465 gold pieces

LDaviesPeters the Archeologist's attributes:

Background:
 You were an Investigator, a level 7 female human Archeologist.
 You were neutral, on a mission for Camaxtli
 who was opposed by Quetzalcoatl (lawful) and Huhetotl (chaotic).
 You were right-handed.
 You were in the Gnomish Mines, on level 6.
 You entered the dungeon 8120 turns ago.
 You had 953 experience points, 327 more were needed to attain level 8.

Basics:
 You had 0 out of 50 hit points.
 You had all 36 energy points (spell power).
 Your armor class was 0.
 Your wallet was empty, but
 you had 465 zorkmids stashed away in your pack.
 Autopickup was off.

Final Characteristics:
 Your strength was 14 (limit:18/100).
 Your dexterity was 10 (limit:18).
 Your constitution was 10 (peak:13, limit:18).
 Your intelligence was 17 (limit:18).
 Your wisdom was 17 (limit:18).
 Your charisma was 10 (limit:18).

Final Status:
 You weren't hungry.
 You were burdened; movement was slightly slowed.
 You were wielding a whip.
 You had expert skill with whip.

Final Attributes:
 You were piously aligned.
 You were telepathic.
 You had automatic searching.
 You were stealthy.
 You were guarded.
 Your spell casting was impaired by metallic armor.
 You are dead.

Miscellaneous:
 You encountered 1 bones level.
 Total elapsed playing time was 1 hour, 36 minutes and 58 seconds.

Major events:
 Turn
    1: LDaviesPeters the neutral female human Archeologist entered the dungeon
  672: entered the Gnomish Mines
 1625: attained the rank of Field Worker (level 3)
 5228: attained the rank of Investigator (level 6)
 8120: killed by a gnome

Spells:
 Name                 Level Category     Fail Retention
 detect monsters        1   divination   100%   51%-75%
 create monster         2   clerical     100%   51%-75%
 slow monster           2   enchantment  100%   51%-75%
 detect food            2   divination   100%  76%-100%
 dig                    5   matter       100%  76%-100%
 haste self             3   escape       100%  76%-100%

Skills:
 Fighting Skills
   bare handed combat [Unskilled]
   two weapon combat  [Unskilled]
   riding             [Unskilled]
 Weapon Skills
   dagger             [Unskilled]
   knife              [Unskilled]
   pick-axe           [Basic]
   short sword        [Unskilled]
   saber              [Unskilled]
   club               [Unskilled]
   quarterstaff       [Unskilled]
   sling              [Unskilled]
   dart               [Unskilled]
   boomerang          [Unskilled]
   whip               [Expert]
   unicorn horn       [Unskilled]
 Spellcasting Skills
   attack spells      [Unskilled]
   healing spells     [Unskilled]
   divination spells  [Unskilled]
   matter spells      [Unskilled]

Voluntary challenges:
 Character rerolling was not enabled.
 You never genocided any monsters.
 You never polymorphed an object.
 You never changed form.
 You used no wishes.
Achievements:
 You entered the Gnomish Mines.
 You entered a shop.
 You attained the rank of Field Worker.
 You attained the rank of Investigator.

 The Dungeons of Doom: levels 1 to 7
    Level 1:
    Level 2:
    Level 3:
       A tool shop.
       Stairs down to The Gnomish Mines.
    Level 4:
       Many altars.
    Level 5:
       An armor shop, a fountain.
    Level 6:
    Level 7:
       An altar to Camaxtli, a grave.
       Final resting place for
          Trystero-Wiz-Elf-Fem-Cha, killed by a fire ant.
 The Gnomish Mines: levels 4 to 6
    Level 4:
    Level 5:
    Level 6: <- You were here.
       Final resting place for
          you, killed by a gnome.


Vanquished creatures:
  a leprechaun
  6 Mordor orcs
  4 rock moles
  a fog cloud
  2 yellow lights
  a shrieker
  a violet fungus
  8 gnome leaders
  a gray ooze
  a straw golem
  6 giant ants
  a little dog
  6 floating eyes
  a kitten
  5 dwarves
  3 homunculi
  2 hill orcs
  a rothe
  a rabid rat
  a centipede
  2 giant bats
  3 iguanas
 an acid blob
  a coyote
  4 hobbits
  6 giant rats
  4 cave spiders
  3 yellow molds
  a green mold
 17 gnomes
  3 gnome zombies
  6 geckos
  6 jackals
  a fox
  3 kobolds
  3 goblins
  8 grid bugs
  8 lichens
  4 kobold zombies
  7 newts
144 creatures vanquished.

No species were genocided or became extinct.

Game over:
                       ----------
                      /          \
                     /    REST    \
                    /      IN      \
                   /     PEACE      \
                  /                  \
                  |  LDaviesPeters   |
                  |      465 Au      |
                  |   killed by a    |
                  |      gnome       |
                  |                  |
                  |                  |
                  |       2026       |
                 *|     *  *  *      | *
        _________)/\\_//(\/(/\)/\//\/|_)_______

Goodbye LDaviesPeters the Archeologist...

You died in The Gnomish Mines on dungeon level 6 with 4551 points,
and 465 pieces of gold, after 8120 moves.
You were level 7 with a maximum of 50 hit points when you died.

